 Dungeon Crawl Stone Soup version 0.31-a0-339-gda1cbd555d (webtiles) character file.

Game seed: 16576941836863632866

1168 cforsyth the Digger (level 8, -20/52 HPs)
             Began as a Vampire Earth Elementalist on July 20, 2023.
             Killed from afar by Maggie (21 damage)
             ... with a bolt of fire
             ... on level 6 of the Dungeon.
             The game lasted 00:09:59 (4560 turns).

cforsyth the Digger (Vampire Earth Elementalist)    Turns: 4560, Time: 00:10:00

Health: -20/52     AC:  8    Str:  7    XL:     8   Next: 17%
Magic:  12/17      EV: 11    Int: 20    God:
Gold:   290        SH:  0    Dex: 14    Spells: 19/20 levels left

rFire   . . .        (no weapon)
rCold   + . .        (no shield)
rNeg    . . .        w - +2 leather armour {rC+}
rPois   .            (no helmet)
rElec   .            e - +2 cloak
rCorr   .            (no gloves)
SInv    +            (no boots)
Will    .....        (no amulet)
Stlth   ++           (no ring)
HPRegen 0.48/turn    (no ring)
MPRegen 0.15/turn

%: no passive effects
@: healing quickly, studying Ranged Weapons
A: alive, fangs 3, see invisible, vampiric 2
a: Exsanguinate


You were on level 6 of the Dungeon.
You visited 1 branch of the dungeon, and saw 6 of its levels.

You collected 338 gold pieces.
You spent 48 gold pieces at shops.

Inventory:

Armour
 a - a +0 robe
 e - a +2 cloak (worn)
 i - the +1 leather armour of Tortured Birdsong {Slay+2}
   (You found it on level 2 of the Dungeon)

   Slay:      It affects your accuracy & damage with ranged weapons and melee
   (+2).
 r - a +0 pair of gloves
 w - a +2 leather armour of cold resistance (worn)
Wands
 p - a wand of paralysis (28)
Scrolls
 f - a scroll of fog {unknown}
 g - a scroll of poison {unknown}
 h - a scroll of fear {unknown}
 j - 3 scrolls of identify {unknown}
 k - 3 scrolls of enchant armour {unknown}
 l - a scroll of enchant weapon {unknown}
 o - a scroll of vulnerability {unknown}
 s - a scroll of teleportation {unknown}
 u - a scroll of torment {unknown}
 v - a scroll of revelation {unknown}
Potions
 b - 2 potions of curing
 c - 2 potions of lignification
 d - a potion of enlightenment
 m - a potion of mutation {unknown}
 n - a potion of haste {unknown}
 q - a potion of might {unknown}
 t - a potion of heal wounds {unknown}
 x - a potion of cancellation {unknown}


   Skills:
 - Level 2.1 Dodging
 - Level 3.0 Stealth
 + Level 6.6 Spellcasting
 - Level 1.1 Transmutations
 + Level 7.5 Earth Magic


You had 19 spell levels left.
You knew the following spells:

 Your Spells              Type           Power      Damage    Failure   Level
a - Sandblast             Erth           72%        2d16      1%          1

Your spell library contained the following spells:

 Spells                   Type           Power      Damage    Failure   Level
 Passwall                 Tmut/Erth      19%        N/A       3%          2
 Stone Arrow              Conj/Erth      42%        3d9       10%         3
 Sting                    Tmut/Pois      32%        1d4       12%         1
 Freeze                   Ice            24%        1d4       16%         1
 Poisonous Vapours        Pois/Air       12%        N/A       22%         2
 Petrify                  Tmut/Erth      23%        N/A       26%         4
 Frozen Ramparts          Ice            12%        1d2       41%         3
 Hailstorm                Conj/Ice       6%         3d4       41%         3
 Olgreb's Toxic Radiance  Pois           6%         N/A       83%         4


Dungeon Overview and Level Annotations

Branches:
Dungeon (6/15)
 Temple: D:4-7

Altars:
Ashenzari
Yredelemnul

Shops:
D:4 *

Annotations:
D:6 Maggie


Innate Abilities, Weirdness & Mutations

Your natural rate of healing is accelerated.
You have razor-sharp teeth.
You have supernaturally acute eyesight. (SInv)
You are afflicted with vampirism and can become a bat while bloodless.


Message History

You can't see any susceptible monsters within range! (Use Z to cast anyway.) Maggie the Vainglorious comes into view.
She is wielding a +0 long sword of flaming.
Maggie is nearby!
Maggie is nearby!
Maggie is nearby!
You can't see any susceptible monsters within range! (Use Z to cast anyway.) Maggie shouts!
You hear an angry hiss.
The blast of sand misses Maggie.
Maggie says, "Leave now, and tell all of Margery's mercy!"
The blast of sand hits Maggie!
Maggie is lightly wounded.
Maggie hits you but does no damage.
The blast of sand hits Maggie.
Maggie is moderately wounded.
Maggie gestures wildly while chanting.
Maggie attempts to bespell you! You resist with almost no effort.
Maggie hits you with a +0 long sword of flaming!
Maggie burns you.
The blast of sand hits Maggie!
Maggie is heavily wounded.
Maggie casts a spell.
Maggie attempts to bespell you! You resist with almost no effort.
The blast of sand hits Maggie!!
Maggie is severely wounded.
Maggie hits you with a +0 long sword of flaming.
Maggie burns you. The steam dragon breathes steam at you.
The ball of steam hits you! Maggie barely misses you.
The blast of sand hits Maggie but does no damage.
Maggie is severely wounded.
You are engulfed in a cloud of scalding steam.
Maggie gestures at you while chanting. The bolt of fire hits you!!
* * * LOW HITPOINT WARNING * * *
The steam dragon bites you.
* * * LOW HITPOINT WARNING * * *
The steam dragon misses you.
Maggie points at you and mumbles some strange words.
The bolt of fire hits you!!
You die...

### ###.##
####....###
####.........##
##.......##@...#
#.........§§..#....
#.........§D@...#..
##........§.....#
###..................
#.....####...#.......
#.....## #...###.....
#......##..#.. .....
##.........### .....


You could see Maggie and a steam dragon (catching breath).

Vanquished Creatures
  A steam dragon (D:6)
  2 water moccasins
  2 centaurs (D:5)
  A phantom (D:4)
  A scorpion (D:4)
  3 wights (D:6)
  2 hounds (D:6)
  A gnoll bouda (D:6)
  An iguana (D:5)
  2 orc wizards
  7 gnolls
  5 adders
  2 ufetubi
  3 worms
  A dart slug (D:1)
  13 orcs
  7 ball pythons
  6 endoplasms
  3 giant cockroaches
  4 goblins
  8 hobgoblins
  A jackal (D:4)
  4 quokkas
  4 bats
  A frilled lizard (D:1)
  11 kobolds
  10 rats
106 creatures vanquished.

Notes
Turn   | Place    | Note
-------+----------+-------------------------------------------
     0 | D:1      | cforsyth the Vampire Earth Elementalist began the quest for
                  | the Orb.
     0 | D:1      | Reached XP level 1. HP: 13/13 MP: 3/3
   104 | D:1      | Reached XP level 2. HP: 17/19 MP: 1/5
   818 | D:1      | Found a faded altar of an unknown god.
  1036 | D:2      | Gained mutation: You are afflicted with vampirism and can
                  | become a bat while bloodless. [Vampire growth]
  1036 | D:2      | Reached XP level 3. HP: 24/24 MP: 4/7
  1169 | D:2      | Identified the +1 leather armour of Tortured Birdsong
                  | {Slay+2}
  1726 | D:3      | Reached skill level 4 in Earth Magic
  1729 | D:3      | Reached XP level 4. HP: 24/30 MP: 2/8
  2694 | D:4      | Reached XP level 5. HP: 35/35 MP: 8/10
  2808 | D:4      | Found Liliar's Assorted Antiques.
  2822 | D:4      | Bought a scroll labelled FOSIAP TEEDIMA for 24 gold pieces
  2822 | D:4      | Bought a scroll labelled KIPUSHR ACAT for 24 gold pieces
  2914 | D:4      | Noticed a phantom
  2920 | D:4      | Killed a phantom
  2921 | D:4      | Reached skill level 5 in Earth Magic
  2921 | D:4      | Reached XP level 6. HP: 35/41 MP: 7/12
  3207 | D:5      | Entered Level 5 of the Dungeon
  3231 | D:5      | Found a broken altar of Ashenzari.
  3319 | D:5      | Found a basalt altar of Yredelemnul.
  3591 | D:5      | Reached skill level 5 in Spellcasting
  3591 | D:5      | Reached skill level 6 in Earth Magic
  3904 | D:6      | Noticed a water moccasin
  3905 | D:6      | Reached XP level 7. HP: 46/46 MP: 12/14
  3960 | D:6      | Noticed a steam dragon
  4232 | D:6      | Identified the +5 ring mail of Baefal {rC+ SInv}
  4429 | D:6      | Reached skill level 7 in Earth Magic
  4460 | D:6      | Reached XP level 8. HP: 39/52 MP: 12/17
  4549 | D:6      | Noticed Maggie
  4559 | D:6      | HP: 1/52 [steam dragon (6)]
  4560 | D:6      | Killed from afar by Maggie

Illustrated notes

Levels and vault maps discovered:
D:1:      matt_arrival_refuge, layout_basic,
          hellmonk_ecumenical_altar_inner_sanctum
D:2:      layout_loops_ring, minmay_pentomino_p2
D:3:      layout_rooms
D:4:      layout_loops_ring, serial_shops, nicolae_shop_advertising_works
          [nicolae_subvault_shop_adworks], dreamdust_wishing_well, st_stairs_9
D:5:      layout_cave_pools, mainiacjoe_overflow_boulevard,
          kennysheep_little_box, minmay_manual_mares
D:6:      layout_cave_pools, mainiacjoe_overflow_paths, uniq_maggie

Skill      XL: |  1  2  3  4  5  6  7 |
---------------+----------------------+-----
Spellcasting   | 3 4 5 6 |  6.6
Earth Magic    | 4 5 6 7 |  7.5
Dodging        | |  2.1
Stealth        | |  3.0
Transmutations | |  1.1

Action                     |  1- 3 |  4- 6 |  7- 9 || total
---------------------------+-------+-------+-------++-------
  Melee: Unarmed           |     4 |    11 |       ||    15
         Bite              |     1 |     1 |       ||     2
   Cast: Sandblast         |    63 |    70 |    47 ||   180
    Use: Potion            |       |     4 |       ||     4
 Armour: Robe              |     4 |     7 |       ||    11
         Skin              |       |    21 |       ||    21
         Leather armour    |       |     4 |     8 ||    12
  Dodge: Dodged            |    14 |    21 |    21 ||    56

Table legend: (Time is in decaauts)
 A = Elapsed time spent in this place.
 B = Non-inter-level travel time spent in this place.
 C = Inter-level travel time spent in this place.
 D = Time resting spent in this place.
 E = Time spent auto-exploring this place.
 F = Levels seen in this place.
 G = Mean time per level.
                   A        B        C        D        E       F      G
               +--------+--------+--------+--------+--------+-----+--------+
         Total |   4652 |   4493 |    159 |    173 |   3482 |   6 |  775.3 |
       Dungeon |   4652 |   4493 |    159 |    173 |   3482 |   6 |  775.3 |
               +--------+--------+--------+--------+--------+-----+--------+

Top non-repeatable levels by time:
     D:5: 956 daAuts
     D:1: 944 daAuts
     D:4: 899 daAuts
     D:2: 815 daAuts
     D:3: 612 daAuts
     D:6: 424 daAuts
